 Dungeon Crawl Stone Soup version 0.29.1-14-g9c671dbff4 (webtiles) character file.

Game seed: 16129288719334270336

83 sankara the Grave Robber (level 4, -4/33 HPs)
             Began as a Hill Orc Necromancer on Feb 14, 2023.
             Splashed by a jelly's acid (10 damage)
             ... on level 2 of the Dungeon.
             The game lasted 00:05:42 (1175 turns).

sankara the Grave Robber (Hill Orc Necromancer)     Turns: 1175, Time: 00:05:43

Health: -4/33      AC: -2    Str: 10    XL:     4   Next: 44%
Magic:  6/7        EV: 12    Int: 17    God:
Gold:   76         SH:  0    Dex: 11    Spells: 3/7 levels left

rFire   . . .      SeeInvis .   a - +3 falchion of Otats {protect, rElec rN+}
rCold   . . .      Faith    .   (no shield)
rNeg    + . .      Spirit   .   k - +0 robe
rPois   .          Reflect  .   (no helmet)
rElec   +          Harm     .   (no cloak)
rCorr   .          Rampage  .   (no gloves)
Will    .....                   (no boots)
Stlth   ++........              g - amulet of magic regeneration
HPRegen 0.11/turn               (no ring)
MPRegen 0.50/turn               (no ring)

@: corroded
A: no striking features
a: no special abilities


You were on level 2 of the Dungeon.
You visited 1 branch of the dungeon, and saw 2 of its levels.

You collected 76 gold pieces.

Inventory:

Hand Weapons
 a - the +3 falchion of Otats (weapon) {protect, rElec rN+}
   (You found it on level 2 of the Dungeon)

   It grants its wielder temporary protection when it strikes (+7 to AC).
   rElec:     It insulates you from electricity.
   rN:        It protects you from negative energy.
 b - a +0 dagger
 n - a +0 sling
Armour
 k - a +0 robe (worn)
Jewellery
 g - an amulet of magic regeneration (around neck)
Scrolls
 c - a scroll of teleportation {unknown}
 e - a scroll of acquirement {unknown}
 f - 4 scrolls of identify {unknown}
 i - a scroll of poison {unknown}
Potions
 d - 4 potions of heal wounds {unknown}
 h - a potion of might {unknown}
 j - a potion of brilliance {unknown}
 l - 2 potions of magic
 m - 2 potions of curing {unknown}


   Skills:
 + Level 2.1 Dodging
 + Level 2.2 Stealth
 + Level 2.0 Spellcasting
 * Level 4.8 Necromancy


You had 3 spell levels left.
You knew the following spells:

 Your Spells              Type           Power      Damage    Failure   Level
a - Necrotise             Necr           72%        1d7       2%          1
b - Vampiric Draining     Necr           18%        2d7       9%          3

Your spell library contained the following spells:

 Spells                   Type           Power      Damage    Failure   Level
 Summon Small Mammal      Summ           4%         N/A       19%         1
 Call Canine Familiar     Summ           1%         N/A       50%         3
 Summon Guardian Golem    Hex/Summ       1%         N/A       50%         3
 Animate Dead             Necr           18%        N/A       26%         4
 Agony                    Necr           18%        N/A       58%         5


Dungeon Overview and Level Annotations

Branches:
Dungeon (2/15)

Altars:


Message History

Press: ? - help, Shift-Dir - straight line, f/p - jelly
Aim: a jelly (moderately wounded, chance to affect: 83%)
The jelly barely resists.
The jelly hits you.
You are splashed with acid.
Unknown command.
You hit the jelly.
Your weapon exudes an aura of protection.
Your hands burn!
The jelly is severely wounded.
The jelly barely misses you.
Casting: Necrotise (safe; 2% risk of failure)
Confirm with . or Enter, or press ? or * to list all spells.
Aiming: Necrotise (safe; 2% risk of failure)
Press: ? - help, Shift-Dir - straight line, f/p - jelly
Aim: a jelly (severely wounded, chance to affect: 83%)
The jelly barely resists.
The jelly barely misses you.
Unknown command.
Casting: Necrotise (safe; 2% risk of failure)
Confirm with . or Enter, or press ? or * to list all spells.
Aiming: Necrotise (safe; 2% risk of failure)
Press: ? - help, Shift-Dir - straight line, f/p - jelly
Aim: a jelly (severely wounded, chance to affect: 83%)
The jelly writhes in agony.
The jelly barely misses you.
Unknown command.
You completely miss the jelly.
The jelly is almost dead.
The jelly barely misses you.
You barely miss the jelly.
The jelly is almost dead.
The jelly hits you. The acid corrodes you!
You are splashed with acid!
The jelly hits you.
You are splashed with acid!
* * * LOW HITPOINT WARNING * * *
Casting: Necrotise (safe; 2% risk of failure)
Confirm with . or Enter, or press ? or * to list all spells.
Aiming: Necrotise (safe; 2% risk of failure)
Press: ? - help, Shift-Dir - straight line, f/p - jelly
Aim: a jelly (almost dead, chance to affect: 83%)
The jelly writhes in agony.
The jelly hits you.
* * * LOW HITPOINT WARNING * * *
The acid corrodes you!
You are splashed with acid!
You die...

##......# ##).)).##
#.....### #.......#
#.#)#...# #..)....#
#.#.#...###.......#
#.#...#..##......)#
.
#.###...######....#
> #.#
##.####.Z'....# .
#.# #.# #.########
. #.# #.#
##)@J...## # #.#
#.# #######.#
####.# #.##
......÷..# #....#
#..# ..÷P.....#
#.#### ####
....J....# #.#
..÷..÷.P.# #.#
.P.÷.PJ÷.# #.#
(...J÷...# #.#
##########


You could see a jelly.

Vanquished Creatures
  A jelly (D:2)
  2 dart slugs (D:1)
  3 ball pythons
  4 bats
  8 endoplasms
  2 goblins (D:2)
  3 hobgoblins (D:1)
  2 jackals (D:2)
  7 kobolds (D:2)
  5 rats
37 creatures vanquished.

Vanquished Creatures (collateral kills)
  A hobgoblin (D:1)
  A bat (D:1)
2 creatures vanquished.

Vanquished Creatures (others)
  3 fungi (D:2)
  7 toadstools (D:2)
10 creatures vanquished.

Grand Total: 49 creatures vanquished

Notes
Turn   | Place    | Note
-------+----------+-------------------------------------------
     0 | D:1      | sankara the Hill Orc Necromancer began the quest for the
                  | Orb.
     0 | D:1      | Reached XP level 1. HP: 14/14 MP: 3/3
   151 | D:1      | Reached XP level 2. HP: 20/20 MP: 1/4
   453 | D:1      | Found a faded altar of an unknown god.
   630 | D:2      | Identified the +3 falchion of Otats {protect, rElec rN+}
   778 | D:2      | Reached XP level 3. HP: 26/26 MP: 5/5
   859 | D:2      | Learned a level 3 spell: Vampiric Draining
  1006 | D:2      | Reached XP level 4. HP: 24/33 MP: 4/7
  1175 | D:2      | Splashed by a jelly's acid

Illustrated notes

Levels and vault maps discovered:
D:1:      dpeg_arrival_windows_large_door, layout_rooms,
          hellmonk_ecumenical_altar_crossroads
D:2:      cheibrodos_fertilizer, layout_loops_ring

Skill      XL: |  1  2  3 |
---------------+----------+-----
Stealth        | 2 |  2.2
Dodging        | 2 |  2.1
Spellcasting   | 2 |  2.0
Necromancy     | |  4.8

Action                   |  1- 3 |  4- 6 || total
-------------------------+-------+-------++-------
Melee: Unarmed           |     7 |       ||     7
       Falchion          |     4 |     5 ||     9
       Punch             |     1 |       ||     1
 Cast: Necrotise         |    55 |    25 ||    80
Armor: Robe              |     7 |       ||     7
Dodge: Dodged            |    27 |     8 ||    35
